 Dungeon Crawl Stone Soup version 0.24.0-123-gd5b16e6ec5 (webtiles) character file.

Game seed: 17612693826046879817, levelgen mode: deterministic

104719 sanka the Imperceptible (level 15, -23/80 HPs)
             Began as a Spriggan Enchanter on Feb 9, 2020.
             Was the Champion of Wu Jian.
             Blown up by an orb spider (37 damage)
             ... with an orb of destruction
             ... on level 1 of the Spider Nest.
             The game lasted 01:48:01 (36985 turns).

sanka the Imperceptible (Spriggan Enchanter)       Turns: 36985, Time: 01:48:02

Health: -23/80     AC:  6    Str:  4    XL:     15   Next: 92%
Magic:  17/28      EV: 35    Int: 25    God:    Wu Jian [******]
Gold:   1724       SH: 11    Dex: 25    Spells: 21/30 levels left

rFire    . . .     SeeInvis +   a - +2 dagger (drain)
rCold    . . .     Gourm    .   R - +0 buckler
rNeg     + . .     Faith    .   u - +2 robe {rN+}
rPois    .         Spirit   .   O - +1 hat {SInv}
rElec    .         Reflect  +   E - +0 cloak
rCorr    .         Harm     .   (gloves unavailable)
MR       ++...                  (boots unavailable)
Stlth    +++++++++.             I - +2 amulet of reflection
HPRegen  0.23/turn              p - +5 ring of dexterity
MPRegen  0.21/turn              i - +5 ring of intelligence

@: very quick
A: very small, unfitting armour, see invisible, herbivore, speed 3, slow
metabolism 2
a: Wall Jump, Serpent's Lash, Heavenly Storm, Renounce Religion


You were on level 1 of the Spider Nest.
You worshipped Wu Jian.
Wu Jian was exalted by your worship.
You were not hungry.

You visited 5 branches of the dungeon, and saw 25 of its levels.
You also visited: Ossuary, Bailey and Ice Cave.

You collected 2614 gold pieces.
You spent 890 gold pieces at shops.


Innate Abilities, Weirdness & Mutations

You are very small and have problems with some larger weapons.
You are too small for most types of armour.
You have supernaturally acute eyesight. (SInv)
You are a herbivore.
You cover ground extremely quickly.
You need to consume almost no food.


   Skills:
 - Level 10.0 Fighting
 - Level 10.0 Short Blades
 - Level 15.0 Dodging
 + Level 24.9 Stealth
 - Level 7.2 Shields
 - Level 8.0 Spellcasting
 - Level 10.0 Hexes


You had 21 spell levels left.
You knew the following spells:

 Your Spells              Type           Power        Failure   Level  Hunger
x - Confuse               Hex            ######..     1%          3    None
z - Ensorcelled Hibernat  Hex/Ice        #####.       1%          2    None
N - Passwall              Tmut/Erth      ##......     9%          2    None
X - Confusing Touch       Hex            ######       1%          1    None
Z - Corona                Hex            ######.      1%          1    None

Your spell library contained the following spells:

 Spells                   Type           Power        Failure   Level  Hunger
 Tukima's Dance           Hex            ######..     1%          3    None
 Dazzling Spray           Conj/Hex       #####.       2%          3    None
 Beastly Appendage        Tmut           ##....       6%          1    None
 Sandblast                Erth           ##....       6%          1    None
 Shock                    Conj/Air       ##..         6%          1    None
 Sticks to Snakes         Tmut           ##......     9%          2    None
 Swiftness                Chrm/Air       ##......     9%          2    None
 Gell's Gravitas          Tloc           ##........   19%         3    None
 Ignite Poison            Fire/Tmut/Pois ##......     19%         3    None
 Spider Form              Tmut/Pois      ##........   19%         3    None
 Static Discharge         Conj/Air       ##......     19%         3    None
 Stone Arrow              Conj/Erth      ##....       19%         3    None
 Metabolic Englaciation   Hex/Ice        #####.....   22%         5    ####...
 Yara's Violent Unravell  Hex/Tmut       #####.....   22%         5    ####...
 Airstrike                Air            ##........   52%         4    ##.....
 Ice Form                 Ice/Tmut       ##......     52%         4    ##.....
 Petrify                  Tmut/Erth      ##......     52%         4    ##.....
 Blade Hands              Tmut           ##........   86%         5    ####...
 Fireball                 Conj/Fire      ##........   86%         5    ####...
 Irradiate                Conj/Tmut      ##........   86%         5    ####...
 Lee's Rapid Deconstruct  Erth           ##........   86%         5    ####...
 Lightning Bolt           Conj/Air       ##........   86%         5    ####...
 Bolt of Fire             Conj/Fire      ##........   100%        6    ######.
 Hydra Form               Tmut           ##........   100%        6    ######.
 Statue Form              Tmut/Erth      ##.......    100%        6    ######.
 Dragon Form              Tmut           ##........   100%        7    #######
 Ring of Flames           Chrm/Fire      ##........   100%        7    #######
 Ignition                 Fire           ##........   100%        8    #######

Inventory:

Hand Weapons
 a - a +2 dagger of draining (weapon)
 b - a +2 rapier of speed
 M - the +9 spear "Giant's Toothpick" {chaos, rPois rC+} Each time it hits an enemy it has a different, random effect. It protects you from cold. It protects you from poison.
Missiles
 X - 3 throwing nets {=f}
Armour
 u - a +2 robe of positive energy (worn)
 E - a +0 cloak (worn)
 O - a +1 hat of see invisible (worn)
 R - a +0 buckler (worn)
Jewellery
 i - a +5 ring of intelligence (right hand)
 m - an uncursed ring of protection from magic
 o - an uncursed ring of protection from fire
 p - a +5 ring of dexterity (left hand)
 I - a +2 amulet of reflection (around neck)
 J - an uncursed ring of protection from cold
 U - a +3 ring of evasion
 V - an uncursed ring of flight
Wands
 F - a wand of paralysis (22)
 H - a wand of iceblast (17)
 T - a wand of digging (9)
 Z - a wand of polymorph (16)
Scrolls
 c - 5 scrolls of amnesia
 f - 2 scrolls of blinking
 k - a scroll of magic mapping
 l - 7 scrolls of enchant weapon
 q - 15 scrolls of teleportation {@r4}
 r - 2 scrolls of brand weapon
 t - 8 scrolls of remove curse
 v - 5 scrolls of fear
 y - 2 scrolls of vulnerability {!r}
 C - 2 scrolls of identify {@r1}
 D - a scroll of fog
 Q - 4 scrolls of silence {!r}
 S - a scroll of holy word
 Y - a scroll of enchant armour
Potions
 e - 4 potions of magic
 g - 3 potions of berserk rage {!q}
 h - 16 potions of curing {@q1}
 j - 4 potions of might
 n - 2 potions of mutation {!q}
 s - 3 potions of flight
 w - 7 potions of agility
 x - 6 potions of heal wounds {@q2}
 z - a potion of cancellation
 A - 8 potions of haste {@q3}
 B - 5 potions of invisibility
 L - 3 potions of brilliance
 N - 3 potions of ambrosia
Comestibles
 d - 28 rations

Dungeon Overview and Level Annotations

Branches:
Dungeon (15/15)            Temple (1/1) D:6            Lair (6/6) D:8
 Shoals (0/4) Lair:2       Spider (1/4) Lair:4        Slime (0/5) Lair:6
    Orc (2/2) D:12            Elf (0/3) Orc:2        Vaults (0/5) D:13
 Depths (0/5) D:15        Ossuary (visited)          Bailey (visited)
  IceCv (visited)

Altars:
Ashenzari
Cheibriados
Dithmenos
Elyvilon
Fedhas
Gozag
Hepliaklqana
Kikubaaqudgha
Makhleb
Nemelex Xobeh
Okawaru
Qazlal
Ru
Sif Muna
Trog
Uskayaw
Vehumet
Wu Jian
Xom
Yredelemnul
Zin
The Shining One
Beogh
Jiyva

Shops:
D:4 !   Orc:1 !   Orc:2 *:(

Annotations:
D:14 Roxanne

▒...... .. ▒≈ ▒......
.≈▒▒▒▒...
......▒.......▒▒≈..▒....
.▒≈.?.........^.▒.........
..▒▒......^...s.▒.........
...▒▒.....................
....≈≈≈▒......[...........
.................☼........
^........^...^..is§☼......
....................☼☼....
........°........^^..☼....
............£........°....
........°.................
.▒▒^.................°..^.
▒.........................
▒▒...?.?..................
▒▒......°°...............


You could see a wolf spider (pinned) and an orb spider.


Message History

You spin and attack the wolf spider.
You hit the wolf spider but do no damage.
The wolf spider is lightly wounded.
The wolf spider completely misses you. The wolf spider closely misses you.
The orb spider hisses angrily.
Aiming: Ensorcelled Hibernation (safe; 1% risk of failure)
Aim: an orb spider (severely wounded, not susceptible)
The orb spider is unaffected.
You block the wolf spider's attack. The wolf spider completely misses you.
The wolf spider hits you!
* * * LOW HITPOINT WARNING * * *
The wolf spider closely misses you.
Aiming: Ensorcelled Hibernation (safe; 1% risk of failure)
Aim: an orb spider (severely wounded, not susceptible)
The orb spider is unaffected.
The wolf spider completely misses you. The wolf spider completely misses you.
You spin and attack the wolf spider repeatedly.
You hit the wolf spider but do no damage.
You drain the wolf spider.
The wolf spider is lightly wounded.
You hit the wolf spider but do no damage.
You drain the wolf spider.
The wolf spider is lightly wounded.
The wolf spider completely misses you. You block the wolf spider's attack.
The orb of destruction hits you!!!
You die...

Action                   |  1- 3 |  4- 6 |  7- 9 | 10-12 | 13-15 || total
-------------------------+-------+-------+-------+-------+-------++-------
Melee: Dagger            |    76 |    61 |   307 |   382 |   766 ||  1592
       Rapier            |       |       |   114 |    54 |    20 ||   188
       Long sword        |       |       |       |    39 |    69 ||   108
       Spear             |       |       |       |     2 |    12 ||    14
 Cast: Corona            |     7 |       |       |       |       ||     7
       Ensorcelled Hiber |    17 |    47 |    91 |   185 |   551 ||   891
       Confuse           |       |     1 |    53 |    34 |    54 ||   142
       Confusing Touch   |       |       |       |     5 |    17 ||    22
       Passwall          |       |       |       |       |     2 ||     2
Invok: Lunge             |       |       |     4 |    55 |    94 ||   153
       Whirlwind         |       |       |       |    14 |    63 ||    77
 Abil: Evoke Flight      |       |       |       |       |     1 ||     1
Evoke: Wand              |       |       |       |    20 |       ||    20
  Use: Scroll            |     6 |       |       |    12 |    10 ||    28
       Potion            |       |       |     2 |       |     1 ||     3
 Stab: Sleeping          |    13 |    37 |    69 |   134 |   332 ||   585
       Confused          |       |       |    33 |    37 |    52 ||   122
       Distracted        |       |       |     7 |     8 |    12 ||    27
  Eat: Ration            |       |     2 |     5 |     5 |     9 ||    21
Armor: Robe              |    17 |     2 |    39 |    23 |    30 ||   111
Dodge: Dodged            |    67 |    56 |   288 |   438 |   846 ||  1695
Block: Buckler           |       |       |       |       |   388 ||   388
       Reflection        |       |       |       |       |    19 ||    19
       Rpst.: Long sword |       |       |       |     9 |    24 ||    33

Levels and vault maps discovered:
D:1:      tarquinn_simple_flora_water_a, layout_basic, kennysheep_boxes
D:2:      layout_loops_cross, mrwooster_statue_mirror
D:3:      layout_basic, minmay_gold_behind_fungi
D:4:      layout_loops_ring, serial_shops, shop
D:5:      layout_rooms, first_ration, gup_ossuary_entry_pyramid,
          minmay_ogre_servants, uniq_crazy_yiuf_cottage, uniq_duvessa,
          uniq_eustachio, uniq_blork_the_orc
D:6:      layout_gridville, minmay_temple_entry_mist
D:7:      layout_gridville
D:8:      layout_basic, kennysheep_little_box, lair_entry_dummy
D:9:      layout_loops_ring, lemuel_doored_altar,
          chequers_temple_overflow_minitemple, lemuel_altar_in_water
D:10:     layout_layer_cave, hangedman_fish_farm, uniq_nergalle
D:11:     layout_long_grid, enter_bailey_2, basic_altar, st_stairs_6
D:12:     layout_grid_maze, david_orc_4, ebering_ghost_xom, basic_altar,
          onia_ninara_cookie, uniq_jorgrun
D:13:     layout_grid_maze, david_vaults_3, makhleb_altar_promises_db
D:14:     layout_roguey, uniq_roxanne
D:15:     grunt_enter_depths_giant_problem, layout_basic, serial_glass,
          glass_columns_a, glass_columns_a, glass_columns_b, glass_columns_a,
          item_on_display_a, due_unseen_surprise, feat_on_display,
          item_on_display_a, chequers_serial_rivers_micro_b
Temple:   compressed_dpeg_circular_temple
Lair:1:   layout_misc_corridors, basic_altar, chequers_serial_rivers_micro_c,
          uniq_gastronok
Lair:2:   layout_gridlike, elwin_shoals_entry_rooms, roderic_carrion_pond,
          infiniplex_staircase_pool
Lair:3:   beast_lair_carwin_large_3, layout_hall_layers
Lair:4:   layout_roguey, spider_nest_entry_web_field,
          portal_ice_cave_entry_pillars_2, minmay_stone_trees_small,
          lemuel_fruit_tree, grunt_megastairs_4, uniq_kirke
Lair:5:   layout_cave_shapes, st_stairs_7, beast_lair_carwin_5
Lair:6:   minmay_lair_end_enchanted_forest, layout_concentric_octagons,
          slime_altar_1, ebering_ghost_xom, chequers_serial_rivers_room_b
Spider:1: layout_spider_delve
Orc:1:    layout_caves, serial_shops, shop_fountains
Orc:2:    grunt_orc_cross, layout_caves, mines2_lemuel

Notes
Turn   | Place    | Note
-------+----------+-------------------------------------------
     0 | D:1      | sanka the Spriggan Enchanter began the quest for the Orb.
     0 | D:1      | Reached XP level 1. HP: 9/9 MP: 5/5
   368 | D:1      | Reached XP level 2. HP: 9/13 MP: 3/6
   471 | D:1      | Learned a level 2 spell: Ensorcelled Hibernation
   749 | D:1      | Reached skill level 5 in Stealth
   871 | D:1      | Reached skill level 2 in Short Blades
  1422 | D:2      | Reached XP level 3. HP: 16/16 MP: 5/8
  1432 | D:2      | Learned a level 3 spell: Confuse
  1966 | D:2      | Noticed a bullfrog
  1970 | D:2      | Killed a bullfrog
  1970 | D:2      | Reached skill level 3 in Short Blades
  1970 | D:2      | Reached skill level 6 in Stealth
  1970 | D:2      | Reached XP level 4. HP: 21/21 MP: 9/9
  2507 | D:3      | Reached skill level 7 in Stealth
  2533 | D:3      | Reached XP level 5. HP: 24/24 MP: 8/10
  2695 | D:3      | Reached skill level 4 in Short Blades
  3484 | D:4      | Noticed an ogre
  3491 | D:4      | Killed an ogre
  3491 | D:4      | Reached skill level 8 in Stealth
  3491 | D:4      | Reached XP level 6. HP: 28/28 MP: 11/11
  3534 | D:4      | Found Zoschime's Distillery.
  3869 | D:4      | Reached skill level 5 in Short Blades
  3942 | D:4      | Reached skill level 3 in Spellcasting
  3949 | D:4      | Reached skill level 4 in Hexes
  4383 | D:4      | Reached skill level 4 in Spellcasting
  4442 | D:4      | Reached skill level 5 in Hexes
  4442 | D:4      | Reached XP level 7. HP: 32/32 MP: 0/14
  4780 | D:4      | Bought a potion of heal wounds for 60 gold pieces
  4780 | D:4      | Bought a potion of might for 48 gold pieces
  4780 | D:4      | Bought a potion of cancellation for 96 gold pieces
  4794 | D:5      | Entered Level 5 of the Dungeon
  4836 | D:5      | Found a sand-covered staircase.
  4939 | Ossuary  | Entered an ossuary
  5348 | Ossuary  | Reached skill level 6 in Hexes
  6094 | D:5      | Noticed Duvessa
  6096 | D:5      | Noticed Dowan
  6101 | D:5      | Killed Duvessa
  6101 | D:5      | Reached skill level 7 in Hexes
  6104 | D:5      | Killed Dowan
  6237 | D:5      | Reached skill level 8 in Hexes
  6267 | D:6      | Reached XP level 8. HP: 19/37 MP: 1/15
  6415 | D:6      | Found a staircase to the Ecumenical Temple.
  6424 | Temple   | Entered the Ecumenical Temple
  6732 | D:6      | Reached skill level 1 in Fighting
  6732 | D:6      | Reached skill level 4 in Dodging
  6835 | D:5      | Reached skill level 2 in Fighting
  6853 | D:5      | Reached skill level 5 in Dodging
  6893 | D:5      | Found a runed translucent door.
  6894 | D:5      | Noticed Crazy Yiuf
  7353 | D:5      | Reached skill level 6 in Dodging
  7452 | D:5      | Noticed Blork the orc
  7459 | D:5      | Killed Blork the orc
  7459 | D:5      | Reached skill level 3 in Fighting
  7487 | D:5      | Noticed Eustachio
  7494 | D:5      | Killed Eustachio
  7494 | D:5      | Reached skill level 7 in Dodging
  7580 | D:5      | Reached skill level 8 in Dodging
  7679 | D:5      | Killed Crazy Yiuf
  7723 | D:6      | Reached XP level 9. HP: 44/44 MP: 13/16
  7855 | D:6      | Reached skill level 9 in Stealth
  8065 | D:6      | Noticed an unseen horror
  8073 | D:6      | Reached skill level 6 in Short Blades
  8078 | D:6      | Killed an unseen horror
  8078 | D:6      | Reached skill level 10 in Stealth
  8080 | D:6      | Reached skill level 7 in Short Blades
  8423 | D:6      | Got a steaming spear
  8424 | D:6      | Identified the +9 spear "Giant's Toothpick" {chaos, rPois
                  | rC+} (You found it on level 6 of the Dungeon)
  8460 | D:7      | Reached skill level 11 in Stealth
  8958 | D:9      | Reached skill level 8 in Short Blades
  9005 | D:9      | Found an ornate altar of the Wu Jian Council.
  9040 | D:9      | Became a worshipper of the Wu Jian Council
  9094 | D:9      | Reached skill level 12 in Stealth
  9624 | D:9      | Noticed a troll
  9628 | D:9      | Killed a troll
  9628 | D:9      | Reached XP level 10. HP: 49/49 MP: 17/17
  9945 | D:9      | Found a snail-covered altar of Cheibriados.
 10248 | D:9      | Found a hazy altar of Hepliaklqana.
 10248 | D:9      | Found a shadowy altar of Dithmenos.
 10255 | D:9      | Found a blossoming altar of Fedhas.
 10257 | D:9      | Found a basalt altar of Yredelemnul.
 10259 | D:9      | Found a faded altar of an unknown god.
 10289 | D:9      | Reached * piety under Wu Jian
 10323 | D:9      | Reached skill level 9 in Dodging
 10766 | D:8      | Found a staircase to the Lair.
 11123 | D:8      | Got a smoking long sword
 11124 | D:8      | Identified the +7 long sword "Qugemi" {freeze, rC+ rN+
                  | SInv} (You found it on level 8 of the Dungeon)
 11161 | D:8      | Reached skill level 5 in Spellcasting
 11467 | D:8      | Found an opulent altar of Gozag.
 12171 | D:7      | Reached ** piety under Wu Jian
 12388 | D:7      | Reached skill level 4 in Fighting
 12630 | D:7      | Reached skill level 13 in Stealth
 12630 | D:7      | Reached skill level 9 in Hexes
 12689 | D:7      | Learned a level 1 spell: Confusing Touch
 12788 | Lair:1   | Entered Level 1 of the Lair of Beasts
 12869 | Lair:1   | Found a shadowy altar of Dithmenos.
 13017 | Lair:1   | Noticed Gastronok
 13088 | Lair:1   | Killed Gastronok
 13088 | Lair:1   | Reached skill level 9 in Short Blades
 13088 | Lair:1   | Reached skill level 10 in Dodging
 13088 | Lair:1   | Reached skill level 6 in Spellcasting
 13088 | Lair:1   | Reached XP level 11. HP: 54/54 MP: 11/21
 14195 | Lair:2   | Found a staircase to the Shoals.
 14206 | Lair:2   | Reached skill level 5 in Fighting
 14206 | Lair:2   | Reached skill level 7 in Spellcasting
 14398 | Lair:2   | Reached skill level 10 in Hexes
 14412 | Lair:2   | Reached skill level 11 in Dodging
 14412 | Lair:2   | Reached skill level 14 in Stealth
 15166 | Lair:3   | Reached skill level 10 in Short Blades
 15307 | Lair:3   | Reached *** piety under Wu Jian
 15648 | Lair:3   | Reached skill level 6 in Fighting
 16040 | Lair:4   | Noticed a four-headed hydra
 16048 | Lair:4   | Killed a four-headed hydra
 16048 | Lair:4   | Reached skill level 12 in Dodging
 16048 | Lair:4   | Reached XP level 12. HP: 61/61 MP: 23/23
 16079 | Lair:4   | Reached skill level 15 in Stealth
 16214 | Lair:4   | Found a frozen archway.
 16264 | IceCv    | Entered an ice cave
 17891 | IceCv    | Reached skill level 8 in Spellcasting
 18045 | IceCv    | Reached skill level 13 in Dodging
 18312 | IceCv    | Reached **** piety under Wu Jian
 18321 | IceCv    | Reached skill level 14 in Dodging
 18572 | IceCv    | Noticed a death yak
 18574 | IceCv    | Reached skill level 15 in Dodging
 18598 | IceCv    | Killed a death yak
 18748 | IceCv    | Noticed a frost giant
 18803 | IceCv    | Killed a frost giant
 18803 | IceCv    | Reached skill level 16 in Stealth
 18828 | IceCv    | Reached skill level 7 in Fighting
 19395 | Lair:4   | Reached XP level 13. HP: 67/67 MP: 19/26
 19408 | Lair:4   | Noticed Kirke
 19618 | Lair:4   | Killed Kirke
 19743 | Lair:4   | Found a hole to the Spider Nest.
 20051 | Lair:4   | Learned a level 2 spell: Passwall
 20199 | Lair:5   | Reached skill level 17 in Stealth
 20350 | Lair:5   | Reached skill level 1 in Shields
 20369 | Lair:5   | Reached skill level 8 in Fighting
 20593 | Lair:5   | Reached skill level 2 in Shields
 21043 | Lair:5   | Reached ***** piety under Wu Jian
 21405 | Lair:6   | Entered Level 6 of the Lair of Beasts
 21944 | Lair:6   | Found a viscous altar of Jiyva.
 21944 | Lair:6   | Found a staircase to the Slime Pits.
 21969 | Lair:6   | Reached skill level 3 in Shields
 22035 | Lair:6   | Found a runed translucent door.
 22035 | Lair:6   | Found a shimmering altar of Xom.
 22035 | Lair:6   | Noticed toffzen's ghost (journeyman TrFi)
 22036 | Lair:6   | Identified the +6 great sword "Xeuma" {chaos, Str-4 Int+7}
 22074 | Lair:6   | Reached skill level 18 in Stealth
 22524 | Lair:6   | Reached skill level 9 in Fighting
 22921 | Lair:6   | Reached skill level 4 in Shields
 23213 | Lair:6   | Reached XP level 14. HP: 73/75 MP: 7/27
 24122 | Lair:6   | Killed toffzen's ghost
 24456 | D:10     | Entered Level 10 of the Dungeon
 24468 | D:10     | Noticed Nergalle
 24483 | D:10     | Killed Nergalle
 24741 | D:10     | Reached skill level 19 in Stealth
 25446 | D:11     | Reached skill level 5 in Shields
 25656 | D:11     | Reached ****** piety under Wu Jian
 25727 | D:11     | Found a flagged portal.
 25741 | Bailey   | Entered a bailey
 26077 | Bailey   | Reached skill level 10 in Fighting
 26307 | D:11     | Found a hide-covered altar of Uskayaw.
 26680 | D:12     | Paralysed by a floating eye for 3 turns
 26889 | D:12     | Found a shimmering blue altar of Sif Muna.
 26998 | D:12     | Reached skill level 6 in Shields
 27729 | D:12     | Found a staircase to the Orcish Mines.
 27758 | D:12     | Noticed Jorgrun
 27765 | D:12     | Killed Jorgrun
 27765 | D:12     | Reached skill level 20 in Stealth
 27778 | D:12     | Found a runed translucent door.
 27778 | D:12     | Found a shimmering altar of Xom.
 27778 | D:12     | Noticed Bananafolds's ghost (journeyman DrAE)
 27778 | D:12     | Identified the +4 broad axe of Perfectionism {chaos, rN+
                  | Int+4 Dex-3 Stlth+}
 27782 | D:12     | Killed Bananafolds's ghost
 28246 | Orc:1    | Entered Level 1 of the Orcish Mines
 28246 | Orc:1    | Found Fodgh's Distillery.
 28317 | Orc:2    | Entered Level 2 of the Orcish Mines
 28324 | Orc:2    | Found a staircase to the Elven Halls.
 29211 | Orc:2    | Reached skill level 7 in Shields
 29618 | Orc:2    | Found a roughly hewn altar of Beogh.
 29635 | Orc:2    | Reached XP level 15. HP: 80/80 MP: 25/28
 29640 | Orc:2    | Reached skill level 21 in Stealth
 29641 | Orc:2    | Noticed an orc warlord
 30020 | Orc:2    | Killed an orc warlord
 30313 | Orc:2    | Found Awkul's General Store.
 30327 | Orc:2    | Found Jantaukh's Antique Weapon Boutique.
 30404 | Orc:2    | Found Saemer's Book Boutique.
 30430 | Orc:2    | Found Bimulak's Antique Armour Boutique.
 30606 | Orc:1    | Bought a potion of curing for 39 gold pieces
 30606 | Orc:1    | Bought a potion of heal wounds for 65 gold pieces
 30606 | Orc:1    | Bought a potion of heal wounds for 65 gold pieces
 30606 | Orc:1    | Bought 2 potions of invisibility for 208 gold pieces
 30606 | Orc:1    | Bought a potion of berserk rage for 65 gold pieces
 30606 | Orc:1    | Bought a potion of heal wounds for 65 gold pieces
 30606 | Orc:1    | Bought a potion of curing for 39 gold pieces
 30656 | Orc:2    | Bought a potion of haste for 140 gold pieces
 30765 | D:13     | Found a gate to the Vaults.
 30765 | D:13     | Noticed Nessos
 30765 | D:13     | Noticed Urug
 30790 | D:13     | Killed Urug
 30792 | D:13     | Identified +0 acid dragon scales
 30805 | D:13     | Killed Nessos
 30814 | D:13     | Found a burning altar of Makhleb.
 31306 | D:13     | Reached skill level 22 in Stealth
 32921 | D:14     | Noticed Roxanne
 33854 | D:15     | Entered Level 15 of the Dungeon
 33856 | D:15     | Found a staircase to the Depths.
 33856 | D:15     | Noticed a fire giant
 33872 | D:15     | Killed a fire giant
 33945 | D:15     | Reached skill level 23 in Stealth
 35153 | D:15     | Reached skill level 24 in Stealth
 36298 | Spider:1 | Entered Level 1 of the Spider Nest
 36985 | Spider:1 | Blown up by an orb spider

Vanquished Creatures
  Jorgrun (D:12)
  Gastronok (Lair:1)
  Kirke (Lair:4)
  A fire giant (D:15)
  A frost giant (IceCv)
  An orc warlord (Orc:2)
  The ghost of Bananafolds the Cleaver, a journeyman DrAE of Elyvilon (D:12)
  The ghost of toffzen the Grappler, a journeyman TrFi of Elyvilon (Lair:6)
  Nessos (D:13)
  An entropy weaver (Spider:1)
  An ettin (Orc:2)
  5 hydras
  4 two-headed ogres
  4 centaur warriors
  A catoblepas (D:14)
  2 death yaks
  3 tengu warriors
  Urug (D:13)
  2 dancing weapons
  2 orc high priests (Orc:2)
  Nergalle (D:10)
  A deep elf archer (Bailey)
  3 unseen horrors
  5 orc knights
  5 orc sorcerers
  2 orb spiders (Spider:1)
  3 cyclopes
  6 ugly things (D:15)
  9 deep elf magi
  A wolf spider (Spider:1)
  9 elephants
  A manticore (D:15)
  A black mamba (Lair:2)
  An ice statue (IceCv)
  A merfolk siren (Lair:2)
  2 torpor snails
  3 gargoyles
  A rime drake (Lair:6)
  8 spiny frogs
  10 yaktaurs (D:15)
  2 efreet
  9 komodo dragons
  A merfolk (D:10)
  11 trolls
  19 polar bears
  6 hornets (Lair:6)
  6 hippogriffs
  4 slime creatures
  3 dream sheep
  A raiju (shapeshifter) (D:14)
  A centaur simulacrum (D:15)
  A shadow (D:11)
  11 spriggans (Lair:6)
  4 water elementals (D:15)
  6 tarantellas (Spider:1)
  14 redbacks
  50 yaks
  2 basilisks
  3 wyverns
  Eustachio (D:5)
  16 humans
  3 hungry ghosts
  A vampire (D:12)
  5 vampire mosquitoes
  5 hogs (Lair:4)
  4 wargs (Orc:2)
  An acid dragon (D:13)
  9 water moccasins
  Duvessa (D:5)
  3 porcupines
  27 orc warriors
  A floating eye (D:12)
  5 ice beasts
  11 black bears
  5 necrophages (Lair:2)
  3 sky beasts
  12 ogres
  33 wolves
  A phantom (D:13)
  4 boggarts (Lair:6)
  15 centaurs
  10 crocodiles
  Blork the orc (D:5)
  A big kobold (D:8)
  20 bullfrogs
  Dowan (D:5)
  3 wyvern skeletons
  3 scorpions
  6 killer bees
  19 wights
  10 howler monkeys
  4 electric eels
  9 crimson imps
  A bullfrog zombie (D:13)
  3 hounds
  5 quasits
  3 centaur zombies
  4 jellies
  22 orc wizards
  14 orc priests
  5 bullfrog skeletons
  Crazy Yiuf (D:5)
  A centaur skeleton (D:6)
  3 iguanas
  20 worker ants
  A killer bee zombie (D:8)
  4 big kobold zombies (Ossuary)
  2 mummies
  A hound skeleton (D:9)
  14 gnolls
  6 adders
  3 shadow imps
  An ooze (D:3)
  An adder zombie (D:7)
  An adder skeleton (D:4)
  2 worms
  3 dart slugs
  5 leopard geckos
  70 orcs
  2 spectral bats (Ossuary)
  2 ball pythons
  6 bats
  3 bat simulacra (Ossuary)
  2 giant cockroaches
  8 gnoll zombies (Ossuary)
  11 goblins
  5 hobgoblins
  7 jackals
  10 kobolds
  2 quokkas
  3 frilled lizards
  4 goblin simulacra (Ossuary)
  4 goblin zombies (Ossuary)
  7 hobgoblin zombies (Ossuary)
  A jackal skeleton (D:6)
  2 kobold simulacra (Ossuary)
  3 kobold zombies (Ossuary)
  4 orc zombies (Ossuary)
  A quokka skeleton (D:4)
  5 rats
  6 rat simulacra (Ossuary)
  2 spectral goblins (Ossuary)
  4 spectral kobolds (Ossuary)
  2 spectral rats (Ossuary)
817 creatures vanquished.

Vanquished Creatures (others)
  A polar bear (IceCv)
  2 yaks (IceCv)
  A killer bee (D:13)
  2 electric eels (D:15)
  An orc priest (Orc:2)
  An orc wizard (Orc:2)
  2 orcs (Orc:2)
  3 fungi
  A plant (Lair:6)
  3 toadstools (D:3)
17 creatures vanquished.

Grand Total: 834 creatures vanquished
